AoeStats
← Khirs

Nomad

505703074Analyzed
4v4 RM · 22d ago on Sep 10, 2026· 70m 20s· 8 players
Game mode
Random Map
Map size
231×231
Population
200
Speed
Normal
Resources
Standard
Victory
Conquest
Starting age
Dark Age
Ending age
Imperial Age
RankedLock teamsTeams togetherTeam positionsShared explorationLock speedFull tech treeHidden civsTurbo modeCheats
Victory
Defeat
🇧🇪 Spanish · Belgium
863
+16
🇪🇸 Chinese · Spain
847
+17
🇸🇪 Magyars · Sweden
835
+17
🇮🇹 Malay · Italy
805
+20
🇦🇷 Vietnamese · Argentina
899
-19
🇮🇪 Teutons · Ireland
871
-18
🇵🇪 Vikings · Peru
863
-17
🇦🇷 Cumans · Argentina
834
-16
Mr:YOX
17:20 Feudal Age
19:50 Bloodlines
20:47 Scale Barding Armor
26:40 Castle Age
24:50 Double-Bit Axe
24:51 Horse Collar
25:29 Stone Mining
25:47 Gold Mining
27:00 Light Cavalry
27:44 Husbandry
28:08 Chain Barding Armor
42:53 Imperial Age
41:00 Wheelbarrow
42:39 Hand Cart
42:11 Town Watch
42:12 Loom
42:21 Treadmill Crane
42:52 Masonry
43:02 Ballistics
42:38 Fletching
43:08 Cavalier
44:12 Conscription
44:34 Plate Barding Armor
43:55 Bodkin Arrow
45:27 Gold Shaft Mining
45:06 Bow Saw
45:00 Heavy Plow
45:24 Paladin
46:52 Bracer
47:57 Chemistry
49:15 Corvinian Army
53:28 Elite Magyar Huszar
58:30 Siege Engineers
Khirs
5:37 Loom
17:53 Feudal Age
19:02 Horse Collar
19:12 Double-Bit Axe
20:10 Man-at-Arms
21:49 Gold Mining
25:06 Fletching
27:21 Stone Mining
29:02 Forging
28:53 Scale Mail Armor
34:10 Castle Age
34:03 Padded Archer Armor
35:28 Pikeman
36:17 Heavy Plow
39:44 Imperial Age
37:53 Bodkin Arrow
38:43 Ballistics
40:24 Gold Shaft Mining
41:01 Conscription
41:10 Bow Saw
40:28 Capped Ram
41:44 Fortified Wall
46:29 Chemistry
45:53 Halberdier
46:54 Bracer
48:22 Leather Archer Armor
50:53 Ring Archer Armor
51:27 Rocketry
56:23 Great Wall
56:20 Elite Chu Ko Nu
61:02 Long Swordsman
62:15 Chain Mail Armor
62:35 Iron Casting
65:18 Two-Handed Swordsman
68:12 Plate Mail Armor
68:44 Blast Furnace
68:03 Champion
Barbarossa.BE
16:19 Feudal Age
16:25 Man-at-Arms
16:50 Fishing Lines
17:17 Double-Bit Axe
19:18 Wheelbarrow
21:08 Stone Mining
21:12 Gold Mining
24:22 Horse Collar
28:14 Castle Age
26:01 Loom
30:15 Stone Shaft Mining
29:52 Bow Saw
29:59 Hand Cart
34:28 Scale Mail Armor
34:33 Scale Barding Armor
41:11 Imperial Age
41:01 Heavy Plow
41:14 Masonry
41:15 Fortified Wall
40:56 Guard Tower
41:26 Ballistics
46:03 Two-Man Saw
45:59 Caravan
45:58 Gillnets
48:02 Siphons
48:21 Chain Barding Armor
48:17 Chain Mail Armor
47:49 Long Swordsman
48:14 Gambesons
48:17 Arson
48:47 Forging
48:27 Fletching
50:29 Architecture
50:25 Two-Handed Swordsman
51:30 Squires
52:36 Pikeman
54:29 Halberdier
54:47 Capped Ram
56:53 Iron Casting
57:06 Town Watch
57:02 Champion
58:51 Siege Ram
61:07 Guilds
61:29 Coinage
70:43 Banking
filippo.nunnari
4:49 Loom
5:46 Loom
16:48 Feudal Age
17:09 Double-Bit Axe
17:19 Town Watch
19:23 Arson
26:39 Fishing Lines
32:15 Castle Age
30:39 Fletching
31:47 Stone Mining
40:10 Wheelbarrow
47:28 Gillnets
50:29 Hand Cart
54:13 Horse Collar
54:36 Gold Mining
55:24 Stone Shaft Mining
58:02 Gold Shaft Mining
57:41 Bow Saw
57:43 Heavy Plow
58:27 Forging
58:14 Bodkin Arrow
58:19 Padded Archer Armor
58:55 Coinage
58:26 Caravan
61:11 Iron Casting
63:41 Leather Archer Armor
64:27 Squires
66:03 Thalassocracy
68:13 Town Patrol
72:27 Imperial Age
wayneod
15:49 Feudal Age
14:05 Loom
17:49 Horse Collar
17:56 Double-Bit Axe
18:48 Man-at-Arms
19:43 Gold Mining
25:12 Castle Age
25:21 Pikeman
25:48 Long Swordsman
25:54 Long Swordsman
27:17 Wheelbarrow
27:33 Bow Saw
27:46 Stone Mining
30:07 Fishing Lines
32:33 Fletching
33:23 Heavy Plow
39:17 Imperial Age
37:05 Town Watch
37:54 Bloodlines
38:16 Scale Mail Armor
38:14 Gillnets
39:25 Cavalier
39:44 Halberdier
41:48 Forging
43:57 Two-Man Saw
42:45 Two-Handed Swordsman
43:05 Capped Ram
45:16 Crop Rotation
45:05 Hand Cart
45:59 Crenellations
45:12 Elite Skirmisher
48:01 Chemistry
47:59 Hoardings
47:09 Imperial Skirmisher
47:54 Padded Archer Armor
50:10 Town Patrol
50:40 Heavy Scorpion
56:35 Iron Casting
58:19 Ironclad
58:45 Ballistics
58:35 Bodkin Arrow
58:47 Scale Barding Armor
58:11 Paladin
61:41 Blast Furnace
62:20 Chain Barding Armor
64:05 Plate Barding Armor
64:21 Stone Shaft Mining
64:02 Champion
68:46 Elite Teutonic Knight
THE RANDY
15:08 Loom
17:47 Feudal Age
18:12 Fishing Lines
19:18 Man-at-Arms
31:12 Forging
39:10 Scale Mail Armor
39:20 Scale Barding Armor
51:43 Double-Bit Axe
58:20 Castle Age
58:21 Pikeman
60:09 Iron Casting
59:34 Scale Mail Armor
60:23 Capped Ram
63:20 Chain Mail Armor
ElTuquita
DavidxGabriel
4:53 Loom
22:35 Feudal Age
25:08 Town Watch
26:25 Fletching
28:57 Castle Age
28:10 Stone Mining
28:46 Scale Mail Armor
29:07 Pikeman
29:51 Squires
30:05 Gold Mining
31:42 Bodkin Arrow
33:21 Double-Bit Axe
34:16 Forging
38:50 Iron Casting
39:12 Gold Shaft Mining
39:27 Elite Skirmisher
40:09 Padded Archer Armor
41:48 Chain Mail Armor
42:44 Leather Archer Armor
42:56 Murder Holes
46:35 Arson
47:01 Town Patrol
49:47 Bow Saw
51:07 Ballistics
50:29 Treadmill Crane
55:45 Imperial Age
53:30 Fortified Wall
56:17 Chieftains
58:27 Plate Mail Armor
58:21 Bracer
59:23 Two-Man Saw
60:16 Blast Furnace
59:05 Gambesons
59:52 Ring Archer Armor
60:08 Imperial Skirmisher
61:12 Onager
62:24 Heavy Scorpion
64:23 Chemistry
Connection lost

Rejoining the realm…

Still unreachable

The connection could not be restored.

Session expired

The server has moved on; the page needs a fresh start.